 Dungeon Crawl Stone Soup version 0.22-a0-525-gf69a080 (webtiles) character file.

173 galech the Skirmisher (level 5, 0/85 HPs)
             Began as an Ogre Berserker on June 20, 2018.
             Was a Priest of Trog.
             Slain by Natasha (2 damage)
             ... on level 3 of the Dungeon.
             The game lasted 00:03:27 (2830 turns).

galech the Skirmisher (Ogre Berserker)              Turns: 2830, Time: 00:03:28

Health: 0/85       AC:  3    Str: 27    XL:     5   Next: 53%
Magic:  5/5        EV: 10    Int:  8    God:    Trog [***...]
Gold:   193        SH:  0    Dex:  8    Spells: 4/4 levels left

rFire    . . .     SeeInvis .   d - +2 whip (flame)
rCold    . . .     Gourm    .   (no shield)
rNeg     + . .     Faith    .   b - +0 animal skin
rPois    .         Spirit   .   (helmet restricted)
rElec    .         Reflect  .   (no cloak)
rCorr    .         Harm     .   (gloves unavailable)
MR       .....                  (boots unavailable)
Stlth    ..........             (no amulet)
HPRegen  0.24/turn              q - ring of positive energy
MPRegen  0.09/turn              (no ring)

@: berserking, slowed
A: large, unfitting armour, tough skin 1
a: Berserk, Trog's Hand, Renounce Religion


You were on level 3 of the Dungeon.
You worshipped Trog.
Trog was most pleased with you.
You were very hungry.

You visited 1 branch of the dungeon, and saw 3 of its levels.

You collected 193 gold pieces.

Inventory:

Hand Weapons
 a - a +0 mace
 d - a +2 whip of flaming (weapon)
Armour
 b - a +0 animal skin (worn)
Jewellery
 q - a ring of positive energy (left hand)
Scrolls
 e - 4 scrolls of teleportation
 f - 3 scrolls of identify
 g - 6 scrolls of remove curse
 h - a scroll of fear {unknown}
 j - a scroll of immolation
 l - a scroll of magic mapping {unknown}
 m - 3 scrolls of blinking {unknown}
 n - a scroll of amnesia {unknown}
 p - a scroll of enchant weapon {unknown}
Potions
 i - 3 potions of curing {unknown}
 k - a potion of degeneration {unknown}
 o - a potion of flight {unknown}
Comestibles
 c - 3 rations
 r - a chunk of flesh


   Skills:
 + Level 5.2 Fighting
 + Level 4.2 Maces & Flails
 + Level 3.6 Dodging
 + Level 0.4 Stealth


You had 4 spell levels left.
You didn't know any spells.
Your spell library was empty.

Dungeon Overview and Level Annotations

Branches:
Dungeon (3/15)

Altars:
Ru

Annotations:
D:3 Natasha


Innate Abilities, Weirdness & Mutations

You are too large for most types of armour.
You have tough skin. (AC +1)


Message History

A red film seems to cover your vision as you go berserk!
You feel yourself moving faster!
You feel mighty!
You are feeling very hungry.
The white imp hits you but does no damage.
Natasha barely misses you. The white imp gestures at you.
The puff of frost hits you!
* * * LOW HITPOINT WARNING * * *
The crimson imp shouts, "Begone, thou cockered weevil-witted dandiprat!"
The crimson imp blinks!
You hit Natasha. You burn Natasha.
Natasha is heavily wounded.
Natasha claws you but does no damage. The white imp gestures at you.
The puff of frost hits you!
* * * LOW HITPOINT WARNING * * *
You miss Natasha.
Natasha is heavily wounded.
Natasha claws you.
You die...

#......# #.......# #.#. #......#
#.......# #.#.
#......####.......# #.#.
#####......##.+.......# ######.#.
...........##.#.......# #......#.
...........##.#...รท...#
#......#. ...........##.#.#######
#......#.
..........5##.#h#########......#.
...........'...<@................
...........#..#5#########......#+
.......>...............##........
############..#.######.##........
#........#..#.# #..#........
#.######.#..#.# ##.#.......)
#.#...........# #..######..
#.#.####.#..### ##.######.( #.#.#
#.#..# #......[..


You could see Natasha, a crimson imp and a white imp.

Vanquished Creatures
  Natasha (twice) (D:3)
  An orc wizard (D:3)
  An adder (D:2)
  A worm (D:2)
  2 dart slugs
  2 leopard geckos
  6 orcs (D:3)
  5 giant cockroaches
  4 goblins
  6 hobgoblins
  8 jackals (D:3)
  5 kobolds
  A quokka (D:3)
  2 ball pythons (D:2)
  10 bats
  8 frilled lizards
  12 rats
76 creatures vanquished.

Notes
Turn   | Place    | Note
-------+----------+-------------------------------------------
     0 | D:1      | galech the Ogre Berserker began the quest for the Orb.
     0 | D:1      | Reached XP level 1. HP: 24/24 MP: 1/1
   114 | D:1      | Reached XP level 2. HP: 28/32 MP: 2/2
   622 | D:1      | Reached XP level 3. HP: 38/40 MP: 3/3
   990 | D:2      | Reached ** piety under Trog
  1575 | D:3      | Reached XP level 4. HP: 47/49 MP: 4/4
  2084 | D:3      | Reached skill level 5 in Fighting
  2093 | D:3      | Reached XP level 5. HP: 25/57 MP: 5/5
  2299 | D:3      | Noticed Natasha
  2348 | D:3      | Killed Natasha
  2528 | D:3      | Found a sacrificial altar of Ru.
  2709 | D:3      | Noticed Natasha
  2716 | D:3      | Killed Natasha
  2716 | D:3      | Reached *** piety under Trog
  2813 | D:3      | Noticed Natasha
  2829 | D:3      | HP: 1/85 [white imp/puff of frost[Natasha] (11)]
  2830 | D:3      | Slain by Natasha

Vault maps used:
D:1:      minmay_arrival_shattered_statue
D:2:      first_ration
D:3:      nicolae_ru_awakened_eye, uniq_natasha

Skill      XL: |  1  2  3  4  5 |
---------------+----------------+-----
Maces & Flails | 3 4 |  4.2
Dodging        | 3 |  3.6
Fighting       | 5 |  5.2
Stealth        | |  0.4

Action                   |  1- 3 |  4- 6 || total
-------------------------+-------+-------++-------
Melee: Mace              |   123 |    79 ||   202
       Whip              |       |    35 ||    35
Invok: Berserk           |       |     3 ||     3
       Trog's Hand       |       |     1 ||     1
  Use: Scroll            |     3 |       ||     3
 Stab: Sleeping          |     2 |       ||     2
  Eat: Chunk             |     2 |     3 ||     5
       Ration            |       |     1 ||     1
Armor: Animal skin       |    60 |    33 ||    93
Dodge: Dodged            |    85 |    74 ||   159

Table legend:
 A = Spawn XP
 B = Non-spawn XP
 C = Spawn XP percentage of total XP
 D = Spawn monster count
 E = Non-spawn monster count
 F = Spawn count percentage of total count
 G = Total turns spent on level
                    A         B        C        D         E        F      G
               +---------+---------+-------+---------+---------+-------+---------
         Total |       0 |     248 |   0.0 |       0 |      76 |   0.0 |  2830
               +---------+---------+-------+---------+---------+-------+---------
           D:1 |       0 |      34 |   0.0 |       0 |      22 |   0.0 |   903
           D:2 |       0 |      47 |   0.0 |       0 |      20 |   0.0 |   684
           D:3 |       0 |     167 |   0.0 |       0 |      34 |   0.0 |  1243
               +---------+---------+-------+---------+---------+-------+---------
